 Dungeon Crawl Stone Soup version 0.27.1-1-g398f81649c (webtiles) character file.

Game seed: 15556337697604893005

11013 Borgoz the Carver (level 11, -1/71 HPs)
             Began as a Gargoyle Berserker on Sept 21, 2021.
             Was an Elder of Trog.
             Slain by a troll (4 damage)
             ... on level 10 of the Dungeon.
             The game lasted 00:14:09 (14328 turns).

Borgoz the Carver (Gargoyle Berserker)             Turns: 14328, Time: 00:14:10

Health: -1/71      AC: 16    Str: 20    XL:     11   Next: 71%
Magic:  11/11      EV: 18    Int:  9    God:    Trog [****..]
Gold:   666        SH:  0    Dex: 12    Spells: 10/10 levels left

rFire    + . .     SeeInvis +   b - +0 scimitar
rCold    . . .     Faith    .   (no shield)
rNeg     + . .     Spirit   .   x - +0 steam dragon scales
rPois    ∞         Reflect  .   y - +0 hat {SInv}
rElec    +         Harm     .   t - +0 cloak
rCorr    .         Rampage  .   (no gloves)
Will     .....                  (no boots)
Stlth    +.........             l - amulet of the acrobat
HPRegen  0.21/turn              r - ring of protection from fire
MPRegen  0.12/turn              v - +4 ring of evasion

@: on berserk cooldown, slowed, very slow
A: sickness immunity, AC +8, negative energy resistance 1, electricity
resistance, torment resistance 1, petrification resistance
a: Renounce Religion, Berserk, Trog's Hand, Brothers in Arms


You were on level 10 of the Dungeon.
You worshipped Trog.
Trog was greatly pleased with you.
You visited 2 branches of the dungeon, and saw 11 of its levels.

You collected 666 gold pieces.

Inventory:

Hand Weapons
 a - the +2 triple sword "Ystyiz" {holy, rF+ Int-2 Dex+4 SInv}
   (You acquired it on level 7 of the Dungeon)

   It has been blessed by the Shining One to cause great damage to the undead
   and demons.
   Int:       It affects your intelligence (-2).
   Dex:       It affects your dexterity (+4).
   rF:        It protects you from fire.
   SInv:      It lets you see invisible.
 b - a +0 scimitar (weapon)
Missiles
 s - 3 throwing nets (quivered)
Armour
 t - a +0 cloak (worn)
 x - +0 steam dragon scales (worn)
 y - a +0 hat of see invisible (worn)
Jewellery
 f - a ring of fire
 i - a ring of flight
 l - an amulet of the acrobat (around neck)
 r - a ring of protection from fire (left hand)
 v - a +4 ring of evasion (right hand)
Wands
 e - a wand of acid (10)
 p - a wand of flame (25)
 u - a wand of paralysis (3)
 z - a wand of iceblast (8)
Scrolls
 c - 8 scrolls of teleportation
 g - 3 scrolls of fear
 j - a scroll of vulnerability {unknown}
 k - a scroll of enchant armour
 m - a scroll of enchant weapon
 n - a scroll of silence {unknown}
 A - a scroll of magic mapping {unknown}
Potions
 d - 2 potions of mutation
 h - 7 potions of curing
 o - 2 potions of degeneration {unknown}
 q - 3 potions of berserk rage
 w - 2 potions of might {unknown}


   Skills:
 + Level 9.6 Fighting
 * Level 10.9 Long Blades
 + Level 9.3 Armour
 + Level 7.0 Dodging


You had 10 spell levels left.
You didn't know any spells.
Your spell library was empty.

Dungeon Overview and Level Annotations

Branches:
Dungeon (10/15)            Temple (1/1) D:5            Lair (0/6) D:8
    Orc: D:9-12

Altars:
Ashenzari
Cheibriados
Dithmenos
Elyvilon
Fedhas
Gozag
Hepliaklqana
Kikubaaqudgha
Makhleb
Nemelex Xobeh
Okawaru
Qazlal
Ru
Sif Muna
Trog
Uskayaw
Vehumet
Wu Jian
Xom
Yredelemnul
Zin
The Shining One

Shops:
D:5 [

Portals:
Abyss: D:5


Innate Abilities, Weirdness & Mutations

You are immune to sickness and miasma.
Your stone body is resilient. (AC +8)
You are immune to poison.
You resist negative energy. (rN+)
You are resistant to electric shocks. (rElec)
You are resistant to unholy torment.
You are immune to petrification.


Message History

The troll is moderately wounded.
The troll bites you. The troll closely misses you. x2
You barely miss the troll.
The troll is moderately wounded.
The troll misses you.
You riposte.
You hit the troll but do no damage.
The troll is moderately wounded.
The troll claws you but does no damage. x2
You closely miss the troll.
The troll is moderately wounded.
The troll closely misses you. x2; The troll misses you.
You closely miss the troll.
The troll is moderately wounded.
The troll bites you! The troll misses you. The troll claws you.
The troll bites you but does no damage. The troll barely misses you. x2
You closely miss the troll.
The troll is moderately wounded.
The troll bites you but does no damage. The troll closely misses you.
The troll misses you.
You barely miss the troll.
The troll is lightly wounded.
The troll misses you. x2; The troll claws you!
* * * LOW HITPOINT WARNING * * *
You barely miss the troll.
The troll is lightly wounded.
The troll completely misses you.
You riposte.
You slash the troll!
The troll is heavily wounded.
The troll misses you. The troll closely misses you.
You closely miss the troll.
The troll is heavily wounded.
The troll closely misses you.
You riposte.
You hit the troll.
The troll is heavily wounded.
The troll misses you.
The troll barely misses you. x2; The troll claws you!
* * * LOW HITPOINT WARNING * * *
The troll claws you.
* * * LOW HITPOINT WARNING * * *
You hit the troll.
The troll is heavily wounded.
The troll barely misses you. The troll claws you but does no damage.
The troll claws you.
You die...

..#........#....#....#...........
..'........#....#....#...........
..#........#....#....#...........
..#.....#####........#...........
#.####### #.####.+######'######
#....#..# #.# #.......#.......
#....'..# ##.## #.......#.......
#....#..####...###.......#.......
#....#......._.†@TZ.=....#.......
######...###...####..############
#...# ##.## #..# #...# #.# #..#
#...# #.# #..# #.... ..# #..B
#..... ..# ....# #..... .# ....##
####.#


You could see a troll and a meliai zombie.

Vanquished Creatures
  Gastronok (D:9)
  Harold (D:6)
  A two-headed ogre (D:10)
  Joseph (D:7)
  A gargoyle (D:10)
  Maurice (D:9)
  Psyche (D:9)
  The ghost of Neebert the Shield-Bearer, an amateur MiFi of Kikubaaqudgha (D:5)
  2 trolls (D:9)
  2 hornets (D:9)
  Sigmund (D:3)
  A vampire (D:10)
  The ghost of Crownlay the Chopper, an amateur HOFi (D:4)
  7 yaks
  A steam dragon (D:8)
  An acid dragon (D:9)
  Duvessa (D:7)
  3 water moccasins
  A sky beast (D:6)
  A hornet zombie (D:8)
  2 black bears
  An ice beast (D:7)
  6 orc warriors
  3 centaurs
  2 phantoms
  2 bullfrogs
  4 kobold brigands
  A gnoll sergeant (D:8)
  A wyvern zombie (D:7)
  Dowan (D:7)
  A scorpion (D:7)
  A water moccasin skeleton (D:6)
  A killer bee (D:8)
  4 wights
  2 centaur zombies
  6 orc priests
  3 hounds
  2 jellies
  Crazy Yiuf (D:3)
  A gnoll shaman (D:6)
  2 bullfrog skeletons
  An iron imp (D:5)
  2 iguanas
  3 orc wizards (D:6)
  2 killer bee zombies
  A howler monkey zombie (D:7)
  A howler monkey skeleton (D:6)
  3 gnolls (D:6)
  6 adders
  3 white imps
  3 ufetubi
  An adder skeleton (D:4)
  2 worms (D:3)
  2 dart slugs (D:1)
  31 orcs
  11 endoplasms
  3 giant cockroaches
  17 goblins
  6 hobgoblins
  3 quokkas
  9 ball pythons
  5 bats
  4 frilled lizards
  23 kobolds
  4 rats
  A spectral hobgoblin (D:3)
224 creatures vanquished.

Vanquished Creatures (others)
  A boulder beetle (D:10)
  A centaur (D:8)
  5 plants (D:6)
7 creatures vanquished.

Grand Total: 231 creatures vanquished

Notes
Turn   | Place    | Note
-------+----------+-------------------------------------------
     0 | D:1      | Borgoz the Gargoyle Berserker began the quest for the Orb.
     0 | D:1      | Reached XP level 1. HP: 14/14 MP: 1/1
   187 | D:1      | Reached XP level 2. HP: 19/19 MP: 2/2
   215 | D:1      | Reached skill level 3 in Long Blades
   810 | D:1      | Reached XP level 3. HP: 16/23 MP: 3/3
  1390 | D:2      | Reached ** piety under Trog
  2104 | D:2      | Reached XP level 4. HP: 21/29 MP: 4/4
  2966 | D:3      | Noticed Sigmund
  3301 | D:3      | Reached XP level 5. HP: 28/33 MP: 5/5
  3580 | D:4      | Found a shimmering blue altar of Sif Muna.
  3689 | D:4      | Found a white marble altar of Elyvilon.
  4005 | D:4      | Reached skill level 4 in Long Blades
  4083 | D:4      | Found a runed translucent door.
  4119 | D:4      | Noticed Crownlay's ghost (amateur HOFi)
  4140 | D:4      | You fall into a shaft and drop 1 floor!
  4140 | D:5      | Entered Level 5 of the Dungeon
  4458 | D:5      | Found a staircase to the Ecumenical Temple.
  4470 | Temple   | Entered the Ecumenical Temple
  4633 | D:5      | Found a transporter.
  4723 | D:5      | Noticed a phantom
  4740 | D:5      | Killed a phantom
  4741 | D:5      | Reached XP level 6. HP: 5/39 MP: 6/6
  5208 | D:5      | Found Bajalumotz's Antique Armour Shop.
  5210 | D:5      | Noticed a black bear
  5216 | D:5      | Killed a black bear
  5251 | D:5      | Found a transporter.
  5669 | D:6      | Reached XP level 7. HP: 44/44 MP: 7/7
  5823 | D:6      | Reached skill level 5 in Long Blades
  5978 | D:6      | Found an opulent altar of Gozag.
  6000 | D:6      | Reached skill level 5 in Fighting
  6207 | D:6      | Reached *** piety under Trog
  6616 | D:6      | Reached XP level 8. HP: 35/49 MP: 8/8
  7029 | D:6      | Reached skill level 6 in Long Blades
  7029 | D:6      | Reached skill level 5 in Armour
  7031 | D:6      | HP: 2/75 [gnoll (8)]
  7795 | D:4      | Found a shadowy altar of Dithmenos.
  8166 | D:4      | Killed Crownlay's ghost
  8401 | D:3      | Killed Sigmund
  8615 | D:3      | Found a hazy altar of Hepliaklqana.
  8660 | D:3      | Found a runed translucent door.
  8661 | D:3      | Noticed Crazy Yiuf
  8669 | D:3      | Killed Crazy Yiuf
  8777 | D:5      | Found a one-way gate to the infinite horrors of the Abyss.
  8789 | D:5      | Noticed Neebert's ghost (amateur MiFi)
  8801 | D:5      | Reached skill level 7 in Long Blades
  8801 | D:5      | Reached XP level 9. HP: 50/55 MP: 9/9
  8829 | D:5      | Killed Neebert's ghost
  9072 | D:7      | Noticed Harold
  9087 | D:6      | Killed Harold
  9206 | D:7      | Reached skill level 8 in Long Blades
  9215 | D:7      | Reached skill level 5 in Dodging
  9440 | D:7      | Noticed Joseph
  9454 | D:7      | Killed Joseph
  9455 | D:7      | Reached XP level 10. HP: 63/63 MP: 10/10
  9748 | D:7      | Identified a scroll of acquirement
  9751 | D:7      | Acquired the +2 triple sword "Ystyiz" {holy, rF+ Int-2
                  | Dex+4 SInv}
  9952 | D:7      | Noticed Dowan
  9956 | D:7      | Noticed Duvessa
  9961 | D:7      | Killed Duvessa
  9965 | D:7      | Killed Dowan
 10167 | D:8      | Found a shimmering altar of Xom.
 10824 | D:8      | Reached skill level 9 in Long Blades
 11903 | D:8      | Found a staircase to the Lair.
 12168 | D:9      | Noticed Gastronok
 12182 | D:9      | Killed Gastronok
 12182 | D:9      | Reached **** piety under Trog
 12183 | D:9      | Reached skill level 10 in Long Blades
 12183 | D:9      | Reached XP level 11. HP: 69/69 MP: 11/11
 12668 | D:9      | Noticed Maurice
 12691 | D:9      | Killed Maurice
 13140 | D:9      | Noticed Psyche
 13155 | D:9      | Killed Psyche
 13587 | D:10     | Entered Level 10 of the Dungeon
 13709 | D:10     | Noticed a two-headed ogre
 13719 | D:10     | Killed a two-headed ogre
 14236 | D:10     | Found a broken altar of Ashenzari.
 14267 | D:10     | Noticed a boulder beetle
 14312 | D:10     | Killed a boulder beetle
 14327 | D:10     | HP: 3/71 [troll (5)]
 14328 | D:10     | Slain by a troll

Illustrated notes

Levels and vault maps discovered:
D:1:      dpeg_arrival_arbitrary_c, layout_loops_ring,
          shapermc_ecumenical_altar_petra, minmay_surrounded
D:2:      layout_loops_ring, nicolae_underground_beach
D:3:      layout_basic, nicolae_hepliaklqana_monster_ancestors,
          chequers_arboretum, st_stairs_11, uniq_crazy_yiuf_cottage,
          uniq_sigmund
D:4:      layout_loops_corners, mainiacjoe_overflow_small_starburst,
          kennysheep_little_box, lemuel_round_altar, ebering_ghost_sewer_d
D:5:      layout_gridville, minmay_temple_entry_junction_2, serial_shops, shop,
          gammafunk_ghost_abyssal_escape
D:6:      corexii_shack_village, layout_basic, mainiacjoe_overflow_tiny_flanked
D:7:      layout_cave_pools, uniq_joseph, uniq_harold, uniq_duvessa
D:8:      layout_gridville, xom_confusion_cloud, lair_entry_dummy,
          chequers_serial_rivers_room_a, minmay_holes
D:9:      layout_irregular_city, uniq_gastronok, uniq_maurice, uniq_psyche
D:10:     layout_grid_maze, nicolae_overflow_crystal_walls, orc_0_dummy,
          special_room [special_room_orc], minmay_joined_circles
Temple:   regret_index_temple_waves

Skill      XL: |  1  2  3  4  5  6  7  8  9 10 11 |
---------------+----------------------------------+-----
Long Blades    | 3 4 5 7 8 10 | 10.9
Dodging        | 2 3 4 5 6 7 |  7.0
Armour         | 3 4 5 7 8 9 |  9.3
Fighting       | 4 5 6 7 8 9 |  9.6

Action                   |  1- 3 |  4- 6 |  7- 9 | 10-12 || total
-------------------------+-------+-------+-------+-------++-------
Melee: Falchion          |   138 |    68 |       |       ||   206
       Long sword        |       |    62 |   279 |   307 ||   648
       Triple sword      |       |       |       |    51 ||    51
       Scimitar          |       |       |       |    61 ||    61
Throw: Throwing net      |       |       |     1 |       ||     1
Invok: Berserk           |       |     4 |    10 |    10 ||    24
       Trog's Hand       |       |       |     4 |     1 ||     5
  Use: Potion            |       |       |     2 |     1 ||     3
       Scroll            |       |       |       |    10 ||    10
 Stab: Sleeping          |       |     2 |     1 |     1 ||     4
Armor: Animal skin       |    44 |    45 |    93 |    52 ||   234
       Steam dragon scal |       |       |       |   102 ||   102
Dodge: Dodged            |    90 |    80 |   157 |   413 ||   740
       Rpst.: Falchion   |    33 |    12 |       |       ||    45
       Long sword        |       |     6 |    49 |    70 ||   125
       Triple sword      |       |       |       |    18 ||    18
       Scimitar          |       |       |       |     9 ||     9
